 Dungeon Sprint DCSS version 0.30-a0-852-g08b95dd62f (webtiles) character file.

Game seed: 6256815170466043196

274 dialectric the Fighter (level 6, -4/45 HPs)
             Began as a Gargoyle Fighter on Mar 4, 2023.
             Was an Initiate of Trog.
             Slain by a tentacle (8 damage)
             ... attached to a kraken
             ... in the Dungeon (Sprint II: "The Violet Keep of Menkaure").
             The game lasted 00:00:56 (95 turns).

dialectric the Fighter (Gargoyle Fighter)             Turns: 95, Time: 00:00:57

Health: -4/45      AC: 12    Str: 19    XL:     6   Next: 24%
Magic:  6/6        EV: 10    Int:  9    God:    Trog [......]
Gold:   243        SH:  0    Dex: 11    Spells: 5/5 levels left

rFire   . . .      SeeInvis .    a - +0 long sword
rCold   . . .      Faith    .    (no shield)
rNeg    + . .      Spirit   .    b - +0 scale mail
rPois   ∞          Reflect  .    (no helmet)
rElec   +          Rampage  .    (no cloak)
rCorr   .          NoTele   +    (no gloves)
Will    .....                    (no boots) Stlth
                                 (no amulet)
HPRegen 0.27/turn                (no ring)
MPRegen 0.10/turn                (no ring)

@: no status effects
A: sickness immunity, AC +4, negative energy resistance 1, electricity
resistance, torment resistance 1, petrification resistance
a: Renounce Religion


You were in the Dungeon.
You worshipped Trog.
Trog was noncommittal.
You visited 1 branch You collected 243 gold pieces.

Inventory:

Hand Weapons
 a - a +0 long sword (weapon)
Armour
 b - a +0 scale mail (worn)
 c - a +0 buckler
Potions
 f - a potion of heal wounds
 g - a potion of haste
 h - 2 potions of magic
 i - a potion of berserk rage


   Skills:
 + Level 8.6 Fighting
 * Level 6.3 Long Blades
 + Level 8.5 Armour
 - Level 2.1 Dodging
 - Level 3.2 Shields


You had 5 spell levels left.
You didn't know any spells.
Your spell library was empty.

Dungeon Overview and Level Annotations

Branches:
Dungeon (1/1)

Altars:
Cheibriados
Dithmenos
Elyvilon
Fedhas
Gozag
Hepliaklqana
Kikubaaqudgha
Makhleb
Nemelex Xobeh
Okawaru
Qazlal
Ru
Sif Muna
Trog
Uskayaw
Vehumet
Wu Jian
Xom
Yredelemnul
Zin
The Shining One
Jiyva
Lugonu


Innate Abilities, Weirdness & Mutations

You are immune to sickness and miasma.
Your stone body is resilient. (AC +4)
You are immune to poison.
You resist negative energy. (rN+)
You are resistant to electric shocks. (rElec)
You are resistant to unholy torment.
You are immune to petrification.


Message History

You enter the shallow water.
Moving in this stuff is going to be slow.
Found three altars.
Found a shimmering altar of Xom and a sacrificial altar of Ru.
You open the door.
Found 24 gold pieces, a dagger and a hand axe.
Found five altars.
There is an open door here.
Found ten items.
Found a roughly hewn altar of Beogh.
Found a scroll labelled UPTAQO FAGG and 41 gold pieces.
Found 7 stones, a club and 9 gold pieces.
The water moccasin hisses angrily.
You hear an angry hiss.
There is a hide-covered altar of Uskayaw here.
Found 16 gold pieces and a sedimented sapphire potion.
There is a bloodstained altar of Trog here.
You kneel at the altar of Trog.
Trog welcomes you!
There is a hide-covered altar of Uskayaw here.
Found 10 gold pieces and a potion of curing.
There is a radiant altar of Vehumet here.
There is an open door here.
You enter the shallow water.
Moving in this stuff is going to be slow.
Found a scroll labelled JAH ROIS IPT.
Found seven items.
Found five items.
Found six items.
Blink to where?
Press: ? - help, Dir - move target A kraken comes into view.
As you read the scroll of blinking, it crumbles to dust.
Tentacles burst out of the water! 4 tentacles come into view.
You open the door. The tentacle barely misses you.
Found seven items.
The tentacle closely misses you. x2
There is an open door here.
Found eight items.
The tentacle slaps you!
* * * LOW HITPOINT WARNING * * *
The tentacle slaps you!
You die...

▓))?[)!(!▓▓ ▓($)($)!?▓▓
+.### [▓$!!$!$$?▓▓ ...#
#▓$!$!??![▓▓ #.^#
#▓$![!!((:▓▓ +..#
#▓$)!?$$?[▓▓ #..#
#▓!$)[$)!$▓▓
###.^####▓$$))?(@=▓▓
.###...##▓▓▓▓▓▓▓w▓▓▓▓+▓
§..~~~~~~~~~~~~~.──Xw≈▓
...~#'########+###w≈w≈▓
§..~#_._._...#S~~##≈≈≈▓
§~§~#._._._._#S~≈≈####▓
§~§~#_._._._.#~~~~§
≈~~~#._._._._#~~§§≈
≈≈≈~#.._._._.#§§§~~


You could see a kraken and 4 tentacles.

Vanquished Creatures
  A water moccasin (D)
  4 necrophages (D)
  3 worms (D)
8 creatures vanquished.

Vanquished Creatures (others)
  Menkaure (D)
1 creature vanquished.

Grand Total: 9 creatures vanquished

Notes
Turn   | Place    | Note
-------+----------+-------------------------------------------
     0 | D        | dialectric the Gargoyle Fighter began the quest for the
                  | Orb.
     0 | D        | Reached XP level 1. HP: 14/14 MP: 1/1
     8 | D        | Noticed a necrophage
     8 | D        | Noticed a necrophage
     8 | D        | Noticed a necrophage
     8 | D        | Noticed a necrophage
    12 | D        | Killed a necrophage
    13 | D        | Reached XP level 2. HP: 23/23 MP: 2/2
    13 | D        | Reached XP level 3. HP: 28/28 MP: 3/3
    13 | D        | Reached XP level 4. HP: 32/32 MP: 4/4
    22 | D        | Killed a necrophage
    23 | D        | Reached XP level 5. HP: 31/38 MP: 5/5
    28 | D        | Killed Menkaure
    34 | D        | Reached skill level 5 in Long Blades
    34 | D        | Reached XP level 6. HP: 24/45 MP: 6/6
    58 | D        | Noticed a water moccasin
    60 | D        | Found an iron altar of Okawaru.
    60 | D        | Found an opulent altar of Gozag.
    68 | D        | Killed a water moccasin
    69 | D        | Found a sparkling altar of Nemelex Xobeh.
    69 | D        | Found a blossoming altar of Fedhas.
    70 | D        | Found a radiant altar of Vehumet.
    70 | D        | Found a burning altar of Makhleb.
    70 | D        | Found a white marble altar of Elyvilon.
    71 | D        | Found a hide-covered altar of Uskayaw.
    71 | D        | Found a corrupted altar of Lugonu.
    71 | D        | Found a shadowy altar of Dithmenos.
    72 | D        | Found a glowing silver altar of Zin.
    72 | D        | Found a bloodstained altar of Trog.
    72 | D        | Found an ancient bone altar of Kikubaaqudgha.
    73 | D        | Found a basalt altar of Yredelemnul.
    73 | D        | Found a shimmering blue altar of Sif Muna.
    73 | D        | Found a viscous altar of Jiyva.
    74 | D        | Found a shimmering altar of Xom.
    74 | D        | Found a sacrificial altar of Ru.
    76 | D        | Found a glowing golden altar of the Shining One.
    76 | D        | Found an ornate altar of the Wu Jian Council.
    76 | D        | Found a stormy altar of Qazlal.
    76 | D        | Found a snail-covered altar of Cheibriados.
    76 | D        | Found a hazy altar of Hepliaklqana.
    79 | D        | Noticed a water moccasin
    79 | D        | Noticed a water moccasin
    81 | D        | Became a worshipper of Trog the Wrathful
    92 | D        | Noticed a kraken
    95 | D        | Slain by a tentacle

Illustrated notes

Levels and vault maps discovered:
D:        the_violet_keep_of_menkaure [sprint2_stairs_cluster_1,
          sprint2_shoproom, sprint2_temple, sprint2_basic_supplies,
          sprint2_obstacle_2, sprint2_obstacle_3, sprint2_obstacle_6,
          sprint2_obstacle_7, sprint2_obstacle_1, sprint2_timed_cluster_1,
          sprint2_smallroom_cluster_1, sprint2_smallroom_final_cluster_1,
          sprint2_transparent_cluster_1, sprint2_second_timed_cluster_1,
          sprint2_sniper_area_1, sprint2_heavy_combat_area_1,
          sprint2_mutation_trap_area_1, sprint2_forest_area_1,
          sprint2_light_combat_area_1, sprint2_behind_water_1,
          sprint2_near_end_vault_1]

Skill      XL: |  1  2  3  4  5  6 |
---------------+-------------------+-----
Fighting       | 6 7 8 |  8.6
Long Blades    | 3 5 6 |  6.3
Armour         | 6 7 8 |  8.5
Dodging        | 2 |  2.1
Shields        | |  3.2

Action                     |  1- 3 |  4- 6 || total
---------------------------+-------+-------++-------
  Melee: Long sword        |     3 |    37 ||    40
    Use: Potion            |     1 |     1 ||     2
         Scroll            |       |     1 ||     1
 Armour: Scale mail        |     1 |    14 ||    15
  Dodge: Dodged            |     1 |    15 ||    16

Table legend: (Time is in decaauts)
 A = Elapsed time spent in this place.
 B = Non-inter-level travel time spent in this place.
 C = Inter-level travel time spent in this place.
 D = Time resting spent in this place.
 E = Time spent auto-exploring this place.
 F = Levels seen in this place.
 G = Mean time per level.
                   A        B        C        D        E       F      G
               +--------+--------+--------+--------+--------+-----+--------+
         Total |    106 |    106 |      0 |      0 |      0 |   1 |  106.0 |
       Dungeon |    106 |    106 |      0 |      0 |      0 |   1 |  106.0 |
               +--------+--------+--------+--------+--------+-----+--------+

Top non-repeatable levels by time:
       D: 106 daAuts
